cohdb
Replays
Latest Replays
All Replays
Popular Replays
Top Player Replays
Match Explorer
How It Works
Community
CoH3 Stats
Reddit
Sign in to upload your games and track your stats! →
Sign in with Steam
Match 37327320
Unlisted
Match 37327320
Overview
Messages
Build Orders
End
Selects Airborne Battlegroup
Selects Heavy Machine Gun Paradrop
Heavy Machine Gun Paradrop
Construct Barracks
M1 Mortar Team
Heavy Machine Gun Paradrop
Riflemen Squad
Selects Paratrooper Squad Paradrop
Air Support Center
Paratrooper Squad Paradrop
P-47 Dive Bomb
Paratrooper Squad Paradrop
Grasshopper Recon Run
P-47 Dive Bomb
Selects Smoke Bombing Run
Selects Supply Drop
Construct Tank Depot
Supply Drop
M4A1 Sherman Medium Tank
M4A1 Sherman Medium Tank
Supply Drop
Grasshopper Recon Run
Engineer Squad
Selects Carpet Bombing Run
Selects Anti-tank Gun Team Paradrop
Grasshopper Recon Run
P-47 Dive Bomb
Carpet Bombing Run
Anti-tank Gun Team Paradrop
M18 Hellcat Tank Destroyer
P-47 Strafing Run
Graset
DibbeTC
jimmy82lao
Hajak Sparro
Halem
Joskup
0
0
Comments
sign in to comment!
No comments posted yet!